AoeStats
← Murdock

Nomad

510284795Analyzed
4v4 RM · 2d ago on Sep 30, 2026· 56m 1s· 8 players
Game mode
Random Map
Map size
231×231
Population
200
Speed
Normal
Resources
Standard
Victory
Conquest
Starting age
Dark Age
Ending age
Imperial Age
RankedLock teamsTeams togetherTeam positionsShared explorationLock speedFull tech treeHidden civsTurbo modeCheats
Victory
Defeat
🇮🇳 Magyars · India
1178
+12
🇺🇸 Georgians · United States
1173
+12
🇨🇳 Spanish · China
1132
+14
🇦🇷 Wu · Argentina
1102
+15
🇮🇳 Varangians · India
1107
-14
🇭🇰 Japanese · Hong Kong SAR China
1084
-13
🇨🇳 Goths · China
1083
-13
🇰🇿 Inca · Kazakhstan
1080
-13
新手村五四
7:29 Loom
12:47 Feudal Age
18:04 Castle Age
16:29 Double-Bit Axe
16:27 Horse Collar
17:56 Gold Mining
20:09 Bow Saw
24:06 Padded Archer Armor
39:47 Heavy Plow
39:38 Stone Mining
49:56 Wheelbarrow
52:57 Imperial Age
51:34 Hand Cart
52:17 Scale Barding Armor
52:22 Forging
53:19 Chain Barding Armor
53:02 Husbandry
53:16 Bloodlines
54:12 Iron Casting
53:14 Cavalier
54:52 Paladin
56:31 Plate Barding Armor
57:07 Blast Furnace
Murdock
5:17 Loom
14:07 Feudal Age
19:13 Castle Age
17:04 Double-Bit Axe
17:46 Horse Collar
18:04 Stone Mining
19:06 Gold Mining
20:51 Wheelbarrow
20:01 Town Watch
21:15 Scale Barding Armor
22:29 Bloodlines
26:24 Forging
29:15 Chain Barding Armor
38:42 Imperial Age
37:22 Iron Casting
36:48 Padded Archer Armor
37:38 Hand Cart
38:06 Svan Towers
39:12 Heavy Plow
39:59 Plate Barding Armor
39:41 Leather Archer Armor
40:30 Conscription
40:43 Ballistics
41:36 Chemistry
42:26 Blast Furnace
42:29 Bow Saw
42:53 Crop Rotation
44:15 Hoardings
44:05 Elite Monaspa
45:51 Masonry
47:12 Aznauri Cavalry
48:04 Architecture
47:50 Town Patrol
48:50 Fletching
49:02 Scale Mail Armor
50:30 Stone Shaft Mining
50:24 Fishing Lines
50:55 Medium Warships
50:05 Demolition Ship
51:03 Siege Engineers
50:50 Guard Tower
51:33 Bodkin Arrow
52:23 Heavy Warships
51:49 Gillnets
52:43 Murder Holes
52:59 Fortified Wall
QQ12346908
8:27 Loom
16:02 Feudal Age
20:38 Castle Age
21:52 Horse Collar
22:15 Fletching
23:36 Double-Bit Axe
23:59 Heavy Plow
25:33 Bodkin Arrow
26:16 Crossbowman
27:05 Padded Archer Armor
27:03 Gold Mining
27:06 Stone Mining
27:44 Squires
28:00 Bow Saw
28:45 Wheelbarrow
30:21 Ballistics
33:46 Imperial Age
32:04 Leather Archer Armor
33:38 Hand Cart
33:09 Town Watch
34:16 Arbalester
38:03 Chemistry
37:50 Bracer
38:02 Forging
37:52 Scale Mail Armor
41:39 Two-Man Saw
42:17 Conscription
41:57 Sitting Tiger
49:20 Gold Shaft Mining
Butcher
4:39 Loom
12:45 Feudal Age
13:43 Double-Bit Axe
20:08 Castle Age
20:12 Fletching
22:31 Bodkin Arrow
22:56 Medium Warships
26:04 Bow Saw
29:47 Horse Collar
31:19 Bloodlines
32:36 Wheelbarrow
32:16 Heavy Plow
32:15 Bodkin Arrow
34:59 Hand Cart
35:22 Thumb Ring
40:35 Imperial Age
39:05 Scale Barding Armor
39:01 Padded Archer Armor
39:25 Ballistics
39:01 Murder Holes
39:17 Masonry
38:48 Treadmill Crane
39:16 Husbandry
40:40 Chain Barding Armor
40:26 Corvinian Army
41:07 Stone Mining
41:08 Gold Mining
42:24 Chemistry
41:30 Siege Engineers
41:15 Heavy Cavalry Archer
42:26 Parthian Tactics
42:31 Conscription
43:19 Plate Barding Armor
42:50 Bracer
44:13 Two-Man Saw
43:48 Crop Rotation
46:28 Recurve Bow
54:33 Leather Archer Armor
H wont help
5:19 Loom
14:04 Feudal Age
15:05 Double-Bit Axe
14:46 Man-at-Arms
18:07 Town Watch
18:09 Fishing Lines
20:47 Castle Age
20:23 Fletching
20:32 Arson
21:36 Forging
21:27 Scale Mail Armor
25:25 Long Swordsman
26:44 Iron Casting
27:38 Thumb Ring
31:38 Elite Skirmisher
42:23 Padded Archer Armor
美团外卖总教练
10:06 Loom
16:24 Feudal Age
16:59 Man-at-Arms
19:25 Wheelbarrow
18:37 Double-Bit Axe
18:56 Scale Mail Armor
19:07 Forging
33:58 Castle Age
34:55 Fletching
37:42 Bow Saw
YELLOW
3:29 Loom
5:31 Loom
13:56 Feudal Age
14:57 Double-Bit Axe
17:41 Castle Age
17:32 Fishing Lines
19:43 Bow Saw
19:45 Gillnets
20:46 Gold Mining
21:10 Fletching
22:31 Bodkin Arrow
29:18 Imperial Age
29:56 Scale Barding Armor
30:44 Town Watch
31:35 Chain Barding Armor
31:47 Forging
32:08 Bloodlines
31:59 Husbandry
32:37 Wheelbarrow
37:19 Chain Barding Armor
39:42 Conscription
40:13 Forging
42:56 Hand Cart
fmk1199
10:20 Loom
15:02 Feudal Age
15:31 Town Watch
19:39 Castle Age
17:51 Double-Bit Axe
18:57 Horse Collar
20:36 Wheelbarrow
21:45 Stone Mining
22:30 Bow Saw
26:46 Heavy Plow
28:33 Gold Mining
31:45 Arson
33:52 Fletching
35:17 Hand Cart
35:34 Murder Holes
36:02 Ballistics
36:37 Scale Mail Armor
37:05 Town Patrol
37:45 Squires
37:58 Forging
38:12 Chain Mail Armor
39:13 Gold Shaft Mining
39:14 Stone Shaft Mining
39:06 Masonry
39:59 Fortified Wall
40:28 Iron Casting
39:49 Bodkin Arrow
40:38 Guard Tower
44:35 Imperial Age
42:13 Treadmill Crane
44:41 Elite Kamayuk
45:58 Hoardings
45:24 Fabric Shields
45:51 Conscription
45:38 Arrowslits
47:07 Keep
47:13 Bracer
48:19 Plate Mail Armor
49:34 Chemistry
49:55 Blast Furnace
52:10 Sappers
Connection lost

Rejoining the realm…

Still unreachable

The connection could not be restored.

Session expired

The server has moved on; the page needs a fresh start.